 Dungeon Crawl Stone Soup version 0.31-a0-986-g5e6e4ef867 (webtiles) character file.

Game seed: 6156518527131500668

400 Sabo the Chopper (level 6, -4/48 HPs)
             Began as a Demonspawn Fighter on Nov 3, 2023.
             Was an Initiate of Makhleb.
             Slain by an ice beast (7 damage)
             ... on level 5 of the Dungeon.
             The game lasted 00:18:05 (3906 turns).

Sabo the Chopper (Demonspawn Fighter)               Turns: 3906, Time: 00:18:06

Health: -4/48      AC: 10    Str: 18    XL:     6   Next: 54%
Magic:  6/6        EV:  6    Int:  9    God:    Makhleb [......]
Gold:   250        SH: 12    Dex: 13    Spells: 5/5 levels left

rFire   . . .        a - +0 war axe
rCold   . . .        j - +0 tower shield
rNeg    . . .        b - +0 scale mail
rPois   .            (no helmet)
rElec   .            s - +0 cloak
rCorr   .            h - +1 pair of gloves
SInv    .            (no boots)
Will    .....        (no amulet) Stlth
                     (no ring)
HPRegen 0.28/turn    (no ring)
MPRegen 0.10/turn

%: no passive effects
@: no status effects
A: hooves 1, demonic guardian 1, weakness stinger 1
a: Renounce Religion


You were on level 5 of the Dungeon.
You worshipped Makhleb.
Makhleb was noncommittal.
You visited 1 branch of the dungeon, and saw 5 of its levels.

You collected 250 gold pieces.

Inventory:

Hand Weapons
 a - a +0 war axe (weapon)
 g - a +0 short sword of venom
 w - a +0 sling
Missiles
 k - 5 poisoned darts
 v - 2 boomerangs
Armour
 b - a +0 scale mail (worn)
 h - a +1 pair of gloves (worn)
 j - a +0 tower shield (worn)
 s - a +0 cloak (worn)
Jewellery
 r - an amulet of faith
Scrolls
 c - a scroll of teleportation
 i - a scroll of fog
 l - 2 scrolls of blinking {unknown}
 n - a scroll of fear {unknown}
 q - 2 scrolls of identify {unknown}
 t - a scroll of revelation {unknown}
 y - a scroll of brand weapon {unknown}
Potions
 d - a potion of might
 e - a potion of curing {unknown}
 f - 4 potions of haste {unknown}
 m - a potion of enlightenment {unknown}
 o - 3 potions of heal wounds
 p - a potion of ambrosia {unknown}
 u - a potion of lignification {unknown}
 x - a potion of cancellation {unknown}


   Skills:
 + Level 4.0 Fighting
 + Level 4.3 Axes
 + Level 3.8 Armour
 + Level 0.6 Dodging
 + Level 0.4 Stealth
 + Level 3.6 Shields


You had 5 spell levels left.
You didn't know any spells.
Your spell library contained the following spells:

 Spells                   Type           Power      Damage    Failure   Level
 Ensorcelled Hibernation  Hex/Ice        0%         N/A       100%        2
 Passwall                 Tmut/Erth      0%         N/A       100%        2
 Swiftness                Air            0%         N/A       100%        3


Dungeon Overview and Level Annotations

Branches:
Dungeon (5/15)
 Temple: D:4-7

Altars:
Makhleb
Yredelemnul

Portals:
Abyss: D:5

Annotations:
D:4 2 transporters, Runia's ghost, amateur BaHs
D:5 1 transporter, SirDiesAlot's ghost, novice BaFE


Innate Abilities, Weirdness & Mutations

You have large cloven feet.
A weak demonic guardian rushes to your aid.
You have a small tail.


Message History

The ice beast hits you but does no damage.
You barely miss the ice beast.
You kick the ice beast, but do no damage.
The ice beast is lightly wounded.
The ice beast hits you but does no damage. x2
You slash the ice beast! Your kick misses the ice beast.
The ice beast is heavily wounded.
You block the ice beast's attack.
You closely miss the ice beast. Your kick misses the ice beast.
You tail-slap the ice beast.
The ice beast is severely wounded.
You block the ice beast's attack.
The ice beast hits you but does no damage.
You hit the ice beast.
You kick the ice beast, but do no damage.
You tail-slap the ice beast, but do no damage.
The ice beast is almost dead.
The ice beast hits you but does no damage.
You block the ice beast's attack.
An orc wizard comes into view. It is wielding a +0 dagger.
You closely miss the ice beast.
The orc wizard shouts!
Your kick misses the ice beast.
The ice beast is almost dead.
You block the ice beast's attack.
You barely miss the ice beast. Your kick misses the ice beast.
The ice beast is almost dead.
The ice beast hits you. The ice beast freezes you. The ice beast hits you.
The ice beast freezes you!
* * * LOW HITPOINT WARNING * * *
A demonic guardian appears!
You barely miss the ice beast. You kick the ice beast.
The ice beast is almost dead.
You block the ice beast's attack.
You hit the ice beast but do no damage. Your kick misses the ice beast.
The ice beast is almost dead.
The ice beast hits you.
* * * LOW HITPOINT WARNING * * *
A demonic guardian appears!
The ice beast freezes you!
You die...

#..# .# #..## #.#
#...##∩. #....#x #....#
#....## ###
...#########.....###..##
.<.oSoY@55..............
...#########............
#.##...#.##.. #.###.## #
#.# #.# # #.###†##.#
#........# #####.####
#.# #####


You could see an ice beast (ally target), an orc wizard, an adder, an orc, a
friendly quasit (summoned) and a friendly ufetubus (summoned).

Vanquished Creatures
  3 hounds
  3 orc priests
  An iguana (D:4)
  3 orc wizards (D:4)
  An adder (D:4)
  2 worms (D:4)
  2 dart slugs (D:1)
  10 orcs
  6 ball pythons
  6 endoplasms
  2 giant cockroaches
  8 goblins
  4 hobgoblins
  4 kobolds
  5 quokkas
  5 bats
  7 frilled lizards
  3 rats (D:1)
75 creatures vanquished.

Vanquished Creatures (others)
  An orc wizard (D:4)
1 creature vanquished.

Grand Total: 76 creatures vanquished

Notes
Turn   | Place    | Note
-------+----------+-------------------------------------------
     0 | D:1      | Sabo the Demonspawn Fighter began the quest for the Orb.
     0 | D:1      | Reached XP level 1. HP: 18/18 MP: 1/1
   294 | D:1      | Discovered your monstrous ancestry.
   294 | D:1      | Gained mutation: You have large cloven feet. [demonic
                  | ancestry]
   294 | D:1      | Reached XP level 2. HP: 22/24 MP: 2/2
  1047 | D:1      | Gained mutation: You have a small tail. [demonic ancestry]
  1047 | D:1      | Reached XP level 3. HP: 29/29 MP: 3/3
  3005 | D:4      | Gained mutation: A weak demonic guardian rushes to your
                  | aid. [demonic ancestry]
  3005 | D:4      | Reached XP level 4. HP: 35/35 MP: 4/4
  3048 | D:4      | Reached XP level 5. HP: 16/41 MP: 5/5
  3230 | D:4      | Found a transporter.
  3231 | D:4      | Noticed an ogre
  3231 | D:4      | Noticed Runia's ghost (amateur BaHs)
  3233 | D:4      | Noticed an ogre
  3233 | D:4      | Noticed an ogre
  3238 | D:4      | Found a transporter.
  3394 | D:4      | Found a basalt altar of Yredelemnul.
  3453 | D:4      | Reached XP level 6. HP: 39/48 MP: 6/6
  3763 | D:4      | Found a burning altar of Makhleb.
  3838 | D:4      | Became a worshipper of Makhleb the Destroyer
  3852 | D:5      | Entered Level 5 of the Dungeon
  3884 | D:5      | Found a one-way gate to the infinite horrors of the Abyss.
  3884 | D:5      | Noticed SirDiesAlot's ghost (novice BaFE)
  3886 | D:5      | Found a transporter.
  3892 | D:5      | Noticed an ice beast
  3906 | D:5      | Slain by an ice beast

Illustrated notes

Levels and vault maps discovered:
D:1:      roderic_crop_circles_arrival_small, layout_basic
D:2:      layout_basic
D:3:      layout_rooms, nicolae_eternal_life
D:4:      layout_rooms, makhleb_heckhound_becter,
          mainiacjoe_overflow_surrounded_room, gammafunk_ghost_smash
D:5:      layout_loops_corners, gammafunk_ghost_abyssal_escape, st_stairs_7,
          nicolae_hexahallways, uniq_ijyb, uniq_crazy_yiuf_cottage

Skill      XL: |  1  2  3  4  5  6 |
---------------+-------------------+-----
Axes           | 2 3 4 |  4.3
Shields        | 3 |  3.6
Armour         | 3 |  3.8
Fighting       | 4 |  4.0
Dodging        | |  0.6
Stealth        | |  0.4

Action                     |  1- 3 |  4- 6 || total
---------------------------+-------+-------++-------
  Melee: War axe           |   117 |   103 ||   220
         Kick              |    13 |    17 ||    30
         Tailslap          |     7 |    10 ||    17
    Use: Scroll            |     3 |       ||     3
         Potion            |     1 |     1 ||     2
 Armour: Scale mail        |    74 |    96 ||   170
  Dodge: Dodged            |    31 |    18 ||    49
  Block: Buckler           |    10 |       ||    10
         Tower shield      |    51 |    53 ||   104

Table legend: (Time is in decaauts)
 A = Elapsed time spent in this place.
 B = Non-inter-level travel time spent in this place.
 C = Inter-level travel time spent in this place.
 D = Time resting spent in this place.
 E = Time spent auto-exploring this place.
 F = Levels seen in this place.
 G = Mean time per level.
                   A        B        C        D        E       F      G
               +--------+--------+--------+--------+--------+-----+--------+
         Total |   4047 |   4047 |      0 |    554 |      0 |   5 |  809.4 |
       Dungeon |   4047 |   4047 |      0 |    554 |      0 |   5 |  809.4 |
               +--------+--------+--------+--------+--------+-----+--------+

Top non-repeatable levels by time:
     D:1: 1304 daAuts
     D:2: 956 daAuts
     D:4: 922 daAuts
     D:3: 798 daAuts
     D:5: 64 daAuts
